cohdb
Replays
Latest Replays
All Replays
Popular Replays
Top Player Replays
Match Explorer
How It Works
Community
CoH3 Stats
Reddit
Sign in to upload your games and track your stats! →
Sign in with Steam
Match 45533832
Unlisted
Match 45533832
Overview
Messages
Build Orders
End
Panzergrenadier Squad
Selects Battlefield Espionage Battlegroup
Kradschützen Motorcycle Team
Construct Light Support Kompanie
Panzerjäger Squad
Selects Sector Subterfuge Beacon
Assault Grenadier Squad
Fire Support Elements
le.IG 18 Mechanized Group
2.5-tonne Medical Truck
Combat Half-tracks
Selects Plunder
Veteran Squad Leaders
Construct Mechanized Kompanie
Kradschützen Motorcycle Team
StuG III D Assault Gun
StuG III D Assault Gun
Vehicle Survival Package
Advanced Field Repairs
Emergency Repair Kits
Construct Panzerarmee Kommand
Selects 250/3 Funkpanzerwagen
Selects Anti-Tank Incendiary Munitions
Selects Firestorm
Walking Stuka Rocket Launcher
Assault Grenadier Squad
Panzerjäger Squad
Firestorm
Rapid Advance
Panzer III L Medium Tank
Selects Operation Skorpion
Firestorm
Advanced Optics
Armored Reserves
Firestorm
Firestorm
Tiger Heavy Tank
18-tonne Recovery Half-track
TeamSpeakUser
LITTLE TRICKSTER
Da Cracka Whacka
Steeljump
Cletus
Skete
0
0
Comments
sign in to comment!
No comments posted yet!